 Dungeon Crawl Stone Soup version 0.18-a0-884-gb6cfd45 (webtiles) character file.

19 Jmtri7 the Skirmisher (level 2, 0/26 HPs)
             Began as a Minotaur Skald on Dec 23, 2015.
             Succumbed to an orc's poison
             ... on level 2 of the Dungeon.
             The game lasted 00:03:28 (611 turns).

Jmtri7 the Skirmisher (Minotaur Skald)               Turns: 611, Time: 00:03:28

Health: 0/26       AC:  4    Str: 16    XL:     2   Next: 55%
Magic:  1/3        EV: 11    Int:  9    God:
Gold:   115        SH:  0    Dex:  9    Spells: 2 memorised, 0 levels left

rFire  . . .     SeeInvis .     a - +0 spear
rCold  . . .     Gourm    .     b - +0 leather armour
rNeg   . . .     Faith    .     (no shield)
rPois  .         Spirit   .     (helmet restricted)
rElec  .         Dismiss  .     (no cloak)
rCorr  .         Reflect  .     (no gloves)
SustAt .         Harm     .     l - +0 pair of boots
MR     .....                    (no amulet)
Stlth  +.........               (no ring)
                                (no ring)

@: lethally poisoned (0 -> -20), infused, not resistant to hostile enchantments,
very unstealthy
A: retaliatory headbutt, horns 2
a: no special abilities


You were on level 2 of the Dungeon.
You were not hungry.

You visited 1 branch of the dungeon, and saw 3 of its levels.

You collected 115 gold pieces.

Inventory:

Hand Weapons
 a - a +0 spear (weapon)
Armour
 b - a +0 leather armour (worn)
 l - a +0 pair of boots (worn)
Scrolls
 e - 2 scrolls of amnesia {unknown}
 h - a scroll of enchant weapon {unknown}
 i - a scroll of identify {unknown}
Potions
 g - a potion of haste {unknown}
 j - a potion of cancellation {unknown}
Books
 c - a book of Battle

   Spells                             Type                      Level
   a - Infusion                       Charms                       1
   b - Shroud of Golubria             Charms/Translocation         2
   c - Song of Slaying                Charms                       2
   d - Spectral Weapon                Hexes/Charms                 3
   e - Regeneration                   Charms/Necromancy            3
Comestibles
 d - 2 bread rations
 f - a royal jelly
 k - a slice of pizza


   Skills:
 + Level 3.1 Fighting
 - Level 2.4 Polearms
 * Level 2.5 Armour
 - Level 1.1 Dodging
 - Level 1.3 Spellcasting
 - Level 2.0 Charms


You couldn't memorise any spells.
You knew the following spells:

 Your Spells              Type           Power        Failure   Level  Hunger
a - Infusion              Chrm           #.....       21%         1    ##.....
b - Shroud of Golubria    Chrm/Tloc      #.........   50%         2    ###....


Dungeon Overview and Level Annotations

Branches:
Dungeon (3/15)

Altars:
Gozag


Innate Abilities, Weirdness & Mutations

You reflexively headbutt those who attack you in melee.
You have a pair of horns on your head.


Message History

You hit the orc.
You kill the orc!
* * * LOW HITPOINT WARNING * * *
You feel sick. The orc misses you.
You barely miss the orc.
* * * LOW HITPOINT WARNING * * *
You feel sick.
Your shroud bends the orc's attack away.
You completely miss the orc. Your headbutt misses the orc.
Your shroud unravels.
* * * LOW HITPOINT WARNING * * *
You feel sick. The orc barely misses you.
You hit the orc but do no damage.
* * * LOW HITPOINT WARNING * * *
You feel sick.
The orc hits you with a dagger of venom.
* * * LOW HITPOINT WARNING * * *
You barely miss the orc. You headbutt the orc.
The orc is moderately wounded.
You die...

#..# #.#..# .#
###.#..############
.......#.............#
.#..##..##.##########.#
.#..##..##.# ##.##
....##..##.#
#####...#####
.#..##..##.#
#)o...........
...........#
#@###..<####.#
........#### #.# #####
...........# #.#
##^_..####.# #.#
#......##.# #.#
##...#.##.# #.#
#####.##[# #.# ##)# #..
#.# ###


You could see an orc.

Vanquished Creatures
  2 giant geckos
  An orc (D:2)
  2 bats
  3 goblins (D:1)
  3 hobgoblins
  A quokka (D:2)
  A giant cockroach (D:1)
  A rat (D:1)
14 creatures vanquished.

Notes
Turn   | Place    | Note
--------------------------------------------------------------
     0 | D:1      | Jmtri7 the Minotaur Skald began the quest for the Orb.
     0 | D:1      | Reached XP level 1. HP: 18/18 MP: 1/1
   283 | D:1      | Reached XP level 2. HP: 19/25 MP: 3/3
   287 | D:1      | Learned a level 2 spell: Shroud of Golubria
   526 | D:2      | Found an opulent altar of Gozag.
   530 | D:2      | Reached skill level 3 in Fighting
   611 | D:2      | Succumbed to an orc's poison

Vault maps used:
D:1:      lightli_arrival_noodles
D:2:      nicolae_gozag_seed_capital
D:3:      elyvilon_altar_5, nicolae_ru_sacrificial_ziggurat, first_bread,
          grunt_pakellas_sulfur

Action                   || total
-------------------------++-------
Melee: Spear             ||    44
 Cast: Infusion          ||     4
       Shroud of Golubri ||     1
